3L
SEATTLE AVIATORS @ AUSTIN RANGERS
04/20/2024
 
TOP OF THE 1ST
Seattle Aviators batting - Pitching for Austin Rangers : LHP Carlos Méndez
Pitching: LHP Carlos Méndez
Batting: LHB Kenny Webster 0-0: Swinging Strike
0-1: Ball
1-1: Swinging Strike
1-2: Ball
2-2: Hit by Pitch
Batting: RHB Brian Williams 0-0: Ball
1-0: Ball
2-0: Called Strike
2-1: Ball
3-1: SINGLE (Line Drive, 34D)
Kenny Webster to second
Batting: RHB Sean Davis 0-0: Grounds into double play, 6-4-3 (Groundball, 6M)
Kenny Webster to third
Batting: LHB Jorge Mojica 0-0: Called Strike
0-1: Ball
1-1: Swinging Strike
1-2: Fly out, F9 (Flyball, 89M)
Top of the 1st over - 0 run(s), 1 hit(s), 0 error(s), 1 left on base; Seattle 0 - Austin 0
BOTTOM OF THE 1ST
Austin Rangers batting - Pitching for Seattle Aviators : RHP António Rodríguez
Pitching: RHP António Rodríguez
Batting: RHB José Muñóz 0-0: Ball
1-0: Called Strike
1-1: Foul Ball, location: 2F
1-2: SINGLE (Popup, 8RS)
Batting: RHB Tony Hernández 0-0: Ball
1-0: Foul Ball, location: 2F
1-1: Ball
2-1: Ball
3-1: Foul Ball, location: 2F
3-2: Foul Ball, location: 2F
3-2: SINGLE (Groundball, 4)
José Muñóz to second
José Muñóz to third
Batting: LHB Jesús Reyes 0-0: Foul Ball, location: 2F
0-1: Ball
1-1: Fielders Choice at 2nd, 3-6 (Groundball, 3)
José Muñóz scores
Batting: SHB Carlos Kramer 0-0: Grounds into double play, 6-4-3 (Groundball, 6)
Bottom of the 1st over - 1 run(s), 2 hit(s), 0 error(s), 0 left on base; Seattle 0 - Austin 1
TOP OF THE 2ND
Seattle Aviators batting - Pitching for Austin Rangers : LHP Carlos Méndez
Batting: RHB Tanyu Kimura 0-0: Called Strike
0-1: Ball
1-1: SINGLE (Line Drive, 34D)
Batting: RHB Vernon Caw 0-0: Ball
1-0: Ball
2-0: Called Strike
2-1: Foul Ball, location: 2F
2-2: Strikes out swinging
Batting: LHB Ramón García 0-0: Ball
1-0: Called Strike
1-1: Called Strike
1-2: SINGLE (Line Drive, 9S)
Tanyu Kimura to second
Runner from 2nd tries for 3rd, SAFE, no throw or cutoff
Batting: RHB Jay Parker 0-0: Swinging Strike
0-1: Ball
1-1: Swinging Strike
1-2: Strikes out swinging
Batting: RHB Kenzaburo Hori 0-0: Foul Ball, location: 2F
0-1: SINGLE (Line Drive, 8RS)
Tanyu Kimura scores
Ramón García to second
Batting: LHB Kenny Webster 0-0: Swinging Strike
0-1: SINGLE (Line Drive, 4)
Ramón García to third
Kenzaburo Hori to second
Runner from 3rd tries for Home, SAFE, no throw or cutoff
Batting: RHB Brian Williams 0-0: Ground out U3 (Groundball, 3L)
Top of the 2nd over - 2 run(s), 4 hit(s), 0 error(s), 2 left on base; Seattle 2 - Austin 1
BOTTOM OF THE 2ND
Austin Rangers batting - Pitching for Seattle Aviators : RHP António Rodríguez
Batting: LHB Yun Yen 0-0: Ball
1-0: Foul Ball, location: 2F
1-1: Ball
2-1: Ball
3-1: Called Strike
3-2: DOUBLE (Flyball, 8RXD)
Batting: RHB Jeff Green 0-0: Called Strike
0-1: Ball
1-1: Ball
2-1: Ball
3-1: Foul Ball, location: 2F
3-2: Strikes out swinging
Batting: LHB Count Dante 0-0: Ball
1-0: Ball
2-0: Ball
3-0: Called Strike
3-1: Fly out, F7 (Flyball, 7LSF)
Batting: LHB Gonzalo López 0-0: Ball
1-0: Foul Ball, location: 2F
1-1: Ball
2-1: Ball
3-1: Foul Ball, location: 2F
3-2: Ground out 4-3 (Groundball, 34D)
Bottom of the 2nd over - 0 run(s), 1 hit(s), 0 error(s), 1 left on base; Seattle 2 - Austin 1
TOP OF THE 3RD
Seattle Aviators batting - Pitching for Austin Rangers : LHP Carlos Méndez
Batting: RHB Sean Davis 0-0: Ball
1-0: Swinging Strike
1-1: Fly out, F8 (Flyball, 8RS)
Batting: LHB Jorge Mojica 0-0: Called Strike
0-1: Foul Ball, location: 2F
0-2: SINGLE (Line Drive, 4D)
Batting: RHB Tanyu Kimura 0-0: Ball
1-0: Ball
2-0: Grounds into double play, 1-6-3 (Groundball, 13S)
Top of the 3rd over - 0 run(s), 1 hit(s), 0 error(s), 0 left on base; Seattle 2 - Austin 1
BOTTOM OF THE 3RD
Austin Rangers batting - Pitching for Seattle Aviators : RHP António Rodríguez
Batting: SHB Xavier Vásquez 0-0: Called Strike
0-1: Ball
1-1: Ball
2-1: Fly out, F8 (Flyball, 8RD)
Batting: RHB José Muñóz 0-0: Ball
1-0: Ground out 5-3 (Groundball, 5S)
Batting: RHB Tony Hernández 0-0: Ground out 5-3 (Groundball, 5S)
Bottom of the 3rd over - 0 run(s), 0 hit(s), 0 error(s), 0 left on base; Seattle 2 - Austin 1
TOP OF THE 4TH
Seattle Aviators batting - Pitching for Austin Rangers : LHP Carlos Méndez
Batting: RHB Vernon Caw 0-0: Foul Ball, location: 2F
0-1: Fly out, F3 (Popup, 3F)
Batting: LHB Ramón García 0-0: Ground out 2-3 (Groundball, 25)
Batting: RHB Jay Parker 0-0: Fly out, F8 (Flyball, 8LD)
Top of the 4th over - 0 run(s), 0 hit(s), 0 error(s), 0 left on base; Seattle 2 - Austin 1
BOTTOM OF THE 4TH
Austin Rangers batting - Pitching for Seattle Aviators : RHP António Rodríguez
Batting: LHB Jesús Reyes 0-0: Ball
1-0: Called Strike
1-1: Ball
2-1: SOLO HOME RUN (Line Drive, 9LD), Distance : 360 ft
Batting: SHB Carlos Kramer 0-0: SOLO HOME RUN (Flyball, 89XD), Distance : 429 ft
Batting: LHB Yun Yen 0-0: SOLO HOME RUN (Flyball, 89XD), Distance : 435 ft
Batting: RHB Jeff Green 0-0: Ball
1-0: Ball
2-0: Fly out, F6 (Popup, 6D)
Batting: LHB Count Dante 0-0: Swinging Strike
0-1: Swinging Strike
0-2: Foul Ball, location: 2F
0-2: Ball
1-2: Strikes out swinging
Batting: LHB Gonzalo López 0-0: Swinging Strike
0-1: Called Strike
0-2: Ball
1-2: Strikes out swinging
Bottom of the 4th over - 3 run(s), 3 hit(s), 0 error(s), 0 left on base; Seattle 2 - Austin 4
TOP OF THE 5TH
Seattle Aviators batting - Pitching for Austin Rangers : LHP Carlos Méndez
Pitching: RHP Melvin Richards
Batting: RHB Kenzaburo Hori 0-0: DOUBLE (Line Drive, 78M)
Batting: LHB Kenny Webster 0-0: Ball
1-0: Swinging Strike
1-1: Ball
2-1: Ball
3-1: Called Strike
3-2: Fly out, F7 (Flyball, 8LM)
Batting: RHB Brian Williams 0-0: Ball
1-0: Ball
2-0: Called Strike
2-1: Ball
3-1: Base on Balls
Batting: RHB Sean Davis 0-0: DOUBLE (Groundball, 5L)
Kenzaburo Hori scores
Brian Williams to third
Runner from 3rd tries for Home, SAFE, throw made at trailing runner, SAFE at third!
Batting: LHB Jorge Mojica 0-0: Intentional Walk
Batting: RHB Tanyu Kimura 0-0: Ball
1-0: Ball
2-0: Called Strike
2-1: Swinging Strike
2-2: Foul Ball, location: 2F
2-2: Strikes out swinging
Batting: RHB Vernon Caw 0-0: Ground out 4-3 (Groundball, 34)
Top of the 5th over - 2 run(s), 2 hit(s), 0 error(s), 2 left on base; Seattle 4 - Austin 4
BOTTOM OF THE 5TH
Austin Rangers batting - Pitching for Seattle Aviators : RHP António Rodríguez
Pitching: RHP Dominic Parker
Batting: SHB Xavier Vásquez 0-0: Ball
1-0: Ground out 4-3 (Groundball, 4)
Batting: RHB José Muñóz 0-0: Ball
1-0: Foul Ball, location: 2F
1-1: Swinging Strike
1-2: Strikes out swinging
Batting: RHB Tony Hernández 0-0: Ball
1-0: Foul Ball, location: 2F
1-1: Ball
2-1: Foul Ball, location: 2F
2-2: Foul Ball, location: 2F
2-2: Ball
3-2: Foul Ball, location: 2F
3-2: Fly out, F4 (Line Drive, 4)
Bottom of the 5th over - 0 run(s), 0 hit(s), 0 error(s), 0 left on base; Seattle 4 - Austin 4
TOP OF THE 6TH
Seattle Aviators batting - Pitching for Austin Rangers : RHP Melvin Richards
Batting: LHB Ramón García 0-0: Called Strike
0-1: Ball
1-1: Foul Ball, location: 2F
1-2: Ground out 4-3 (Groundball, 4S)
Batting: RHB Jay Parker 0-0: Foul Ball, location: 2F
0-1: DOUBLE (Flyball, 9LM)
Batting: RHB Kenzaburo Hori 0-0: Called Strike
0-1: Ball
1-1: Called Strike
1-2: Fly out, F8 (Flyball, 8LD)
Runner from 2nd tags up, SAFE at 3rd, no throw
Pinch Hitting: RHB Tynan Hawkins 0-0: SINGLE (Groundball, 6MD)
Jay Parker scores
Pitching: RHP Angus Barlow
Batting: RHB Brian Williams 0-0: Called Strike
0-1: Called Strike
0-2: Ball
1-2: Strikes out swinging
Top of the 6th over - 1 run(s), 2 hit(s), 0 error(s), 1 left on base; Seattle 5 - Austin 4
BOTTOM OF THE 6TH
Austin Rangers batting - Pitching for Seattle Aviators : RHP Dominic Parker
Now in LF: Tynan Hawkins
Batting: LHB Jesús Reyes 0-0: Ball
1-0: Called Strike
1-1: Foul Ball, location: 2F
1-2: Ball
2-2: Ground out 4-3 (Groundball, 4)
Batting: SHB Carlos Kramer 0-0: Ground out 6-3 (Groundball, 6M)
Batting: LHB Yun Yen 0-0: Ball
1-0: Ball
2-0: Called Strike
2-1: Foul Ball, location: 2F
2-2: Fly out, F4 (Popup, 4D)
Bottom of the 6th over - 0 run(s), 0 hit(s), 0 error(s), 0 left on base; Seattle 5 - Austin 4
TOP OF THE 7TH
Seattle Aviators batting - Pitching for Austin Rangers : RHP Angus Barlow
Pinch Hitting: RHB Clarence Fox 0-0: Called Strike
0-1: Ball
1-1: Foul Ball, location: 2F
1-2: Ball
2-2: Strikes out swinging
Batting: LHB Jorge Mojica 0-0: Fly out, F9 (Flyball, 9D)
Batting: RHB Tanyu Kimura 0-0: Ball
1-0: TRIPLE (Line Drive, 8LXD)
Batting: RHB Vernon Caw 0-0: Called Strike
0-1: Ball
1-1: Foul Ball, location: 2F
1-2: Reached on error, E6 (Groundball, 6)
Tanyu Kimura scores
Batting: LHB Ramón García 0-0: Called Strike
0-1: TRIPLE (Flyball, 8RXD)
Vernon Caw scores
Batting: RHB Jay Parker 0-0: Foul Ball, location: 2F
0-1: Ball
1-1: Foul Ball, location: 2F
1-2: Strikes out swinging
Top of the 7th over - 2 run(s), 2 hit(s), 1 error(s), 1 left on base; Seattle 7 - Austin 4
BOTTOM OF THE 7TH
Austin Rangers batting - Pitching for Seattle Aviators : RHP Dominic Parker
Now in LF: Clarence Fox
Batting: RHB Jeff Green 0-0: Called Strike
0-1: Ball
1-1: Foul Ball, location: 2F
1-2: Ball
2-2: Fly out, F8 (Flyball, 8LM)
Batting: LHB Count Dante 0-0: Called Strike
0-1: Ball
1-1: Called Strike
1-2: Ball
2-2: Strikes out swinging
Batting: LHB Gonzalo López 0-0: Swinging Strike
0-1: Swinging Strike
0-2: Ball
1-2: Ball
2-2: Foul Ball, location: 2F
2-2: Strikes out swinging
Bottom of the 7th over - 0 run(s), 0 hit(s), 0 error(s), 0 left on base; Seattle 7 - Austin 4
TOP OF THE 8TH
Seattle Aviators batting - Pitching for Austin Rangers : RHP Angus Barlow
Batting: RHB Kenzaburo Hori 0-0: Foul Ball, location: 2F
0-1: Ball
1-1: Ball
2-1: Ball
3-1: Base on Balls
Batting: RHB Tynan Hawkins 0-0: Bunted foul
0-1: Bunted foul
0-2: Ball
1-2: Ball
2-2: Grounds into double play, 6-4-3 (Groundball, 56)
Batting: RHB Brian Williams 0-0: Ball
1-0: Swinging Strike
1-1: Ball
2-1: Swinging Strike
2-2: Foul Ball, location: 2F
2-2: Ball
3-2: Strikes out looking
Top of the 8th over - 0 run(s), 0 hit(s), 0 error(s), 0 left on base; Seattle 7 - Austin 4
BOTTOM OF THE 8TH
Austin Rangers batting - Pitching for Seattle Aviators : RHP Dominic Parker
Batting: SHB Xavier Vásquez 0-0: Ball
1-0: Foul Ball, location: 2F
1-1: SINGLE (Groundball, 5D)
Pinch Hitting: LHB Motoshige Kitamura 0-0: Foul Ball, location: 2F
0-1: Ball
1-1: Swinging Strike
1-2: Ball
2-2: Ball
3-2: SINGLE (Groundball, 34D)
Xavier Vásquez to second
Runner from 2nd tries for 3rd, SAFE, no throw or cutoff
Pinch Hitting: RHB Craig Stewart 0-0: Called Strike
0-1: Ball
1-1: Called Strike
1-2: Foul Ball, location: 2F
1-2: Grounds into double play, 1-6-3 (Groundball, 13S)
Pitching: RHP Chip Bishop
Batting: RHB Riley Howard 0-0: Ball
1-0: Ball
2-0: Ball
3-0: Base on Balls
Pinch Hitting: RHB Joaquín Parra 0-0: Ball
1-0: Ball
2-0: Ball
3-0: Base on Balls
Riley Howard to second
Pinch Hitting: RHB Orlando Padilla 0-0: Fly out, F9 (Flyball, 89D)
Bottom of the 8th over - 0 run(s), 2 hit(s), 0 error(s), 3 left on base; Seattle 7 - Austin 4
TOP OF THE 9TH
Seattle Aviators batting - Pitching for Austin Rangers : RHP Angus Barlow
Pitching: RHP Decheng Sun
Now at 2B: Joaquín Parra
Now at 3B: Craig Stewart
Now in LF: Motoshige Kitamura
Now in RF: Albert Delgado
Batting: RHB Clarence Fox 0-0: Ball
1-0: Ground out 5-3 (Groundball, 56)
Pitching: LHP Josh Cox
Batting: LHB Jorge Mojica 0-0: Ball
1-0: DOUBLE (Groundball, 3L)
Pitching: RHP Dan Hobbs
Batting: RHB Tanyu Kimura 0-0: Ball
1-0: Called Strike
1-1: Ball
2-1: Foul Ball, location: 2F
2-2: Ball
3-2: Fly out, F8 (Flyball, 8LXD)
Runner from 2nd tags up, SAFE at 3rd, no throw
Pitching: RHP Weston Fisher
Batting: RHB Vernon Caw 0-0: Called Strike
0-1: Foul Ball, location: 2F
0-2: Strikes out swinging
Top of the 9th over - 0 run(s), 1 hit(s), 0 error(s), 1 left on base; Seattle 7 - Austin 4
BOTTOM OF THE 9TH
Austin Rangers batting - Pitching for Seattle Aviators : RHP Chip Bishop
Pitching: RHP Ken Hinkle
Batting: RHB Jeff Green 0-0: Ball
1-0: Foul Ball, location: 2F
1-1: Ball
2-1: SINGLE (Flyball, 8LS)
Pinch Hitting: LHB Manuel García 0-0: Ball
1-0: Ball
2-0: Called Strike
2-1: Swinging Strike
2-2: Strikes out swinging
Pinch Hitting: RHB Habbo Allaart 0-0: Fly out, F4 (Popup, 4MD)
Pinch Hitting: LHB Vern Forrest 0-0: Called Strike
0-1: Ball
1-1: Called Strike
1-2: Ground out 5-3 (Groundball, 56S)
Bottom of the 9th over - 0 run(s), 1 hit(s), 0 error(s), 1 left on base; Seattle 7 - Austin 4
This league is powered by Out of the Park Baseball, the baseball management simulation game for PC, Mac and Linux
Monday, October 3rd, 2016 - OOTP Baseball 16.9 Build 39